 Dungeon Crawl Stone Soup version 0.21-a0-364-gbd1fde4 (webtiles) character file.

9 Espgualade the Sneak (level 2, -1/13 HPs)
             Began as a Felid Ice Elementalist on Oct 14, 2017.
             Slain by a jackal (2 damage)
             ... on level 1 of the Dungeon.
             The game lasted 00:00:55 (503 turns).

Espgualade the Sneak (Felid Ice Elementalist)        Turns: 503, Time: 00:00:56

Health: -1/13      AC:  1    Str:  4    XL:     2   Next: 3%
Magic:  0/6        EV: 18    Int: 16    God:
Gold:   15         SH:  0    Dex: 16    Spells: 4/5 levels left
                                        Lives:  0   Deaths: 0

rFire    . . .     SeeInvis +   (weapon unavailable)
rCold    . . .     Gourm    .   (shield unavailable)
rNeg     . . .     Faith    .   (armour unavailable)
rPois    .         Spirit   .   (helmet unavailable)
rElec    .         Reflect  .   (cloak unavailable)
rCorr    .         Harm     .   (gloves unavailable)
MR       .....                  (boots unavailable)
Stlth    +++.......             (no amulet)
HPRegen  0.04/turn              (no ring)
MPRegen  0.10/turn              (no ring)

@: quick
A: no armour, no weapons or thrown items, stealth, claws 1, fangs 3, see
invisible, carnivore 3, speed 1, shaggy fur 1, slow metabolism 1, sharp paws
a: no special abilities


You were on level 1 of the Dungeon.
You were not hungry.

You visited 1 branch of the dungeon, and saw 1 of its levels.

You collected 15 gold pieces.

Inventory:

Scrolls
 d - a scroll of recharging {unknown}
Potions
 c - a potion of berserk rage {unknown}
 e - a potion of flight {unknown}
Books
 a - a book of Frost

   Spells                             Type                      Level
   a - Freeze                         Ice                          1
   b - Throw Frost                    Conjuration/Ice              2
   c - Ozocubu's Armour               Charms/Ice                   3
   d - Throw Icicle                   Conjuration/Ice              4
   e - Summon Ice Beast               Ice/Summoning                4
Comestibles
 b - a meat ration


   Skills:
 + Level 1.7 Fighting
 - Level 2.6 Dodging
 - Level 2.6 Stealth
 - Level 2.0 Spellcasting
   Level 0.8 Conjurations
 - Level 2.6 Ice Magic


You had 4 spell levels left.
You knew the following spells:

 Your Spells              Type           Power        Failure   Level  Hunger
a - Freeze                Ice            ##..         7%          1    #......


Dungeon Overview and Level Annotations

Branches:
Dungeon (1/15)

Altars:


Innate Abilities, Weirdness & Mutations

You cannot wear armour.
You are incapable of wielding weapons or throwing items.
Your paws allow you to move quietly. (Stealth)
You have sharp claws.
You have razor-sharp teeth.
You have supernaturally acute eyesight. (SInv)
You are carnivorous and can eat meat at any time.
You cover ground quickly.
You are covered in fur. (AC +1)
You have a slow metabolism.
Your sharp claws are effective at attacking unaware monsters.


Message History

You kill the jackal!
You have reached level 2!
You closely miss the jackal.
The jackal is severely wounded.
The jackal bites you. x2
You scratch the jackal.
The jackal is almost dead.
The jackal completely misses you.
You closely miss the jackal.
The jackal is almost dead.
The jackal closely misses you. The jackal misses you.
You scratch the jackal but do no damage.
The jackal is almost dead.
The jackal barely misses you.
You miss the jackal.
The jackal is almost dead.
The jackal bites you.
* * * LOW HITPOINT WARNING * * *
The jackal bites you.
You die...

#####.....###.#...........###.###
.........))............##...##
...#.....######.#.######.#.....'
+................#.# #.##...##
#...##############.# #. ##.###
#... #.# ####. #.. # #.# ##
#.#######.# # #.....h@..#
.......######## .....!. .......
..?.... ...h... .b..... .......


You could see a jackal.

Vanquished Creatures
  A giant cockroach (D:1)
  2 goblins (D:1)
  2 jackals (D:1)
  A kobold (D:1)
  A bat (D:1)
7 creatures vanquished.

Notes
Turn   | Place    | Note
-------+----------+-------------------------------------------
     0 | D:1      | Espgualade the Felid Ice Elementalist began the quest for the Orb.
     0 | D:1      | Reached XP level 1. HP: 7/7 MP: 4/4
   386 | D:1      | Reached skill level 1 in Fighting
   497 | D:1      | Reached XP level 2. HP: 7/13 MP: 0/6
   503 | D:1      | Slain by a jackal

Vault maps used:
D:1:      dpeg_arrival_rhombi

Skill      XL: |  1 |
---------------+----+-----
Fighting       | 1 |  1.7
Dodging        | |  2.6
Stealth        | |  2.6
Spellcasting   | |  2.0
Conjurations   | |  0.8
Ice Magic      | |  2.6

Action                   || total
-------------------------++-------
Melee: Unarmed           ||    44
       Bite              ||     3
 Cast: Freeze            ||     6
 Stab: Sleeping          ||     1
Armor: Skin              ||     7
Dodge: Dodged            ||    39

Table legend:
 A = Spawn XP
 B = Non-spawn XP
 C = Spawn XP percentage of total XP
 D = Spawn monster count
 E = Non-spawn monster count
 F = Spawn count percentage of total count
 G = Total turns spent on level
                    A         B        C        D         E        F      G
               +---------+---------+-------+---------+---------+-------+---------
         Total |       0 |      13 |   0.0 |       0 |       7 |   0.0 |   503
               +---------+---------+-------+---------+---------+-------+---------
           D:1 |       0 |      13 |   0.0 |       0 |       7 |   0.0 |   503
               +---------+---------+-------+---------+---------+-------+---------
